 Dungeon Crawl Stone Soup version 0.23-a0-49-gd9f7a49 (webtiles) character file.

7 Amnesiac the Caller (level 1, 0/13 HPs)
             Began as a Mummy Summoner on Aug 6, 2018.
             Slain by an ooze (4 damage)
             ... on level 3 of the Dungeon.
             The game lasted 00:01:09 (253 turns).

Amnesiac the Caller (Mummy Summoner)                 Turns: 253, Time: 00:01:10

Health: 0/13       AC:  2    Str: 11    XL:     1   Next: 91%
Magic:  3/4        EV: 12    Int: 14    God:
Gold:   34         SH:  0    Dex: 12    Spells: 5/6 levels left

rFire    x . .     SeeInvis .   c - +0 war axe
rCold    + . .     Gourm    .   (no shield)
rNeg     + + +     Faith    .   a - +0 robe
rPois    ∞         Spirit   .   (no helmet)
rElec    .         Reflect  .   (no cloak)
rCorr    .         Harm     .   (no gloves)
MR       .....                  (no boots)
Stlth    ++........             (no amulet)
HPRegen  0.04/turn              (no ring)
MPRegen  0.09/turn              (no ring)

@: no status effects
A: no food or potions, fire vulnerability, cold resistance 1, negative energy
resistance 3, torment resistance, unbreathing
a: no special abilities


You were on level 3 of the Dungeon.
You were not hungry.

You visited 1 branch of the dungeon, and saw 4 of its levels.

You collected 34 gold pieces.

Inventory:

Hand Weapons
 c - a +0 war axe (weapon)
Armour
 a - a +0 robe (worn)
Scrolls
 b - a scroll of identify {!r, unknown}
 d - a scroll of enchant armour {!r, unknown}


   Skills:
 - Level 1.5 Dodging
 - Level 1.5 Stealth
 + Level 3.2 Spellcasting
 * Level 3.3 Summonings


You had 5 spell levels left.
You knew the following spells:

 Your Spells              Type           Power        Failure   Level  Hunger
a - Summon Small Mammal   Summ           ##..         5%          1    N/A

Your spell library contained the following spells:

 Spells                   Type           Power        Failure   Level  Hunger
 Summon Ice Beast         Ice/Summ       #.......     71%         4    N/A
 Call Imp                 Summ           ##......     8%          2    N/A
 Call Canine Familiar     Summ           ##......     16%         3    N/A
 Summon Lightning Spire   Summ/Air       #.......     71%         4    N/A
 Summon Guardian Golem    Hex/Summ       #.......     30%         3    N/A

Dungeon Overview and Level Annotations

Branches:
Dungeon (4/15)
 Temple: D:4-7

Altars:

Annotations:
D:3 exclusion: downstairs


Innate Abilities, Weirdness & Mutations

You do not eat or drink.
Your flesh is vulnerable to fire.
You are immune to poison.
Your flesh is cold resistant. (rC+)
You are immune to negative energy. (rN+++)
You are immune to unholy pain and torment.
You can survive without breathing.


Message History

You hit the hobgoblin but do no damage.
The hobgoblin is moderately wounded.
The hobgoblin hits your bat.
You closely miss the hobgoblin.
The hobgoblin is severely wounded.
The hobgoblin barely misses you.
The hobgoblin hits you but does no damage.
You closely miss the hobgoblin.
The hobgoblin is severely wounded.
The hobgoblin hits your rat.
Your rat dies!
Your rat's corpse disappears in a puff of smoke!
The hobgoblin shouts!
You closely miss the hobgoblin.
The hobgoblin is severely wounded.
The hobgoblin misses your bat.
The hobgoblin dies!
You now have 34 gold pieces (gained 6).
You see here a hobgoblin corpse.
You see here a club.
You start resting.
Magic restored.
You start resting.
Your bat disappears in a puff of smoke!
Magic restored.
You start resting.
HP restored.
Found 14 stones.
You see here 14 stones.
Found a bubbling purple potion.
An ooze comes into view.
An ooze is nearby!
An ooze is nearby!
A giant cockroach comes into view.
The helpless giant cockroach fails to defend itself.
You hit the giant cockroach but do no damage.
You barely miss the ooze.
The ooze quivers.
The ooze hits you.
The giant cockroach bites you but does no damage.
The ooze closely misses you.
The giant cockroach bites you but does no damage.
You hit the giant cockroach.
The giant cockroach is moderately wounded.
The giant cockroach bites you.
* * * LOW HITPOINT WARNING * * *
The giant cockroach bites you but does no damage.
You hit the giant cockroach but do no damage.
The giant cockroach is moderately wounded.
The giant cockroach bites you.
* * * LOW HITPOINT WARNING * * *
The giant cockroach misses you.
Casting: Summon Small Mammal (safe; 5% risk of failure)
Confirm with . or Enter, or press ? or * to list all spells.
The giant cockroach bites you.
* * * LOW HITPOINT WARNING * * *
You hit the giant cockroach.
The giant cockroach is severely wounded.
The giant cockroach bites you but does no damage.
The giant cockroach barely misses you.
You hit the giant cockroach.
You kill the giant cockroach!
The ooze hits you.
You die...

#.# #######.#+ #.#
#......... #.# #.#####.##
#.# #.# #.# #.#######.#
#.#
########.##.....(#####.##
..........+..............
########J##.......####..#
#@##..............
########b##.....#+####..#
#.!......######.........#
#.#####..######.........#
+#####.......#..........
..........###+####+###...
....###.#(##.............
.. #.#.##........##...
..#.##.....<.......


You could see an ooze and a friendly bat.

Vanquished Creatures
  A bat (D:3)
  2 giant cockroaches (D:3)
  2 hobgoblins (D:3)
5 creatures vanquished.

Vanquished Creatures (collateral kills)
  A hobgoblin (D:3)
1 creature vanquished.

Grand Total: 6 creatures vanquished

Notes
Turn   | Place    | Note
-------+----------+-------------------------------------------
     0 | D:1      | Amnesiac the Mummy Summoner began the quest for the Orb.
     0 | D:1      | Reached XP level 1. HP: 13/13 MP: 4/4
   116 | D:4      | Noticed an iguana
   116 | D:4      | Noticed an orc priest
   253 | D:3      | Slain by an ooze

Vault maps used:
D:1:      giann_bridges, serial_bayou_pond_e
D:2:      zin_statuary, lemuel_doored_altar
D:4:      first_ration

Skill      XL: |  1 |
---------------+----+-----
Spellcasting   | 3 |  3.2
Dodging        | |  1.5
Stealth        | |  1.5
Summonings     | |  3.3

Action                   || total
-------------------------++-------
Melee: War axe           ||    16
       Unarmed           ||    12
 Cast: Summon Small Mamm ||     7
 Stab: Sleeping          ||     1
Armor: Robe              ||    11
Dodge: Dodged            ||    26

Table legend:
 A = Spawn XP
 B = Non-spawn XP
 C = Spawn XP percentage of total XP
 D = Spawn monster count
 E = Non-spawn monster count
 F = Spawn count percentage of total count
 G = Total turns spent on level
                    A         B        C        D         E        F      G
               +---------+---------+-------+---------+---------+-------+---------
         Total |       0 |      11 |   0.0 |       0 |       6 |   0.0 |   253
               +---------+---------+-------+---------+---------+-------+---------
           D:3 |       0 |      11 |   0.0 |       0 |       6 |   0.0 |   216
               +---------+---------+-------+---------+---------+-------+---------
